 Dungeon Crawl Stone Soup version 0.32-a0-918-g0f22ef8d61 (webtiles) character file.

Game seed: 12969661173457057744

8194 croobank the Nimble (level 11, -3/79 HPs)
             Began as a Djinni Fire Elementalist on Apr 9, 2024.
             Was a Priest of Ashenzari.
             Slain by an ice devil (23 damage)
             ... on level 1 of the Lair of Beasts on Apr 10, 2024.
             The game lasted 00:40:55 (11426 turns).

croobank the Nimble (Djinni Fire Elementalist)     Turns: 11426, Time: 00:40:55

Health: -3/79      AC: 14    Str:  7    XL:     11   Next: 51%
Gold:   441        EV: 12    Int: 21    God:    Ashenzari [***...] SH:  4 Dex: 14

rFire   + + .        p - +4 flail
rCold   . . .        a - +0 buckler of the Revealing Comet {Elem, Sorc} (curse)
rNeg    + . .        v - +0 ring mail "Share My Oracle" {rN+ SInv, Elem, Dev} (curse)
rPois   ∞            (no helmet)
rElec   .            l - +0 cloak "Disgust of Ashenzari" {Melee, Elem} (curse)
rCorr   .            m - +1 pair of gloves "Restrained With Me" {Cun, Range} (curse)
SInv    +            (boots unavailable)
Will    +....        (no amulet)
Stlth   +++          d - +4 ring of protection
HPRegen 0.33/turn    y - ring "Ruined Together" {rC+, Range, Comp} (curse)

%: clarity, infuse magic (-4 HP)
@: flying, studying Dodging
A: sickness immunity, fire resistance 2, cold vulnerability 1, float, innate
caster, HP casting, extra vitality 1
a: Renounce Religion, Curse Item, Shatter the Chains


You were on level 1 of the Lair of Beasts.
You worshipped Ashenzari.
Ashenzari was most pleased with you.
You visited 3 branches of the dungeon, and saw 12 of its levels.

You collected 639 gold pieces.
You spent 198 gold pieces at shops.

Inventory:

Hand Weapons
 c - a +4 long sword of freezing
 i - a +0 dagger
 n - the +1 short sword of the Original Sin {distort, rN+}
   (You found it on level 3 of the Dungeon)

   rN+:       It protects you from negative energy.
 p - a +4 flail (weapon)
 r - a +0 morningstar
 D - a +0 scimitar
 E - a +0 orcbow
 F - a +2 flail of venom
 I - a +0 arbalest
Missiles
 j - 15 poisoned darts (quivered)
 x - 2 javelins
 A - 2 boomerangs
Armour
 a - the cursed +0 buckler of the Revealing Comet (worn) {Elem, Sorc}
   (You found it on level 7 of the Dungeon)

   It has a curse which improves the following skills: Elements: Fire Magic, Ice
   Magic, Air Magic and Earth Magic.
   Sorcery:   Conjurations and Alchemy.
 l - the cursed +0 cloak "Disgust of Ashenzari" (worn) {Melee, Elem}
   (You found it on level 3 of the Dungeon)

   It has a curse which improves the following skills: Melee Combat: Short
   Blades, Long Blades, Axes, Maces & Flails, Polearms, Staves and Unarmed
   Combat.
   Elements:  Fire Magic, Ice Magic, Air Magic and Earth Magic.
 m - the cursed +1 pair of gloves "Restrained With Me" (worn) {Cun, Range}
   (You found it on level 3 of the Dungeon)

   It has a curse which improves the following skills: Cunning: Dodging and
   Stealth.
   Ranged Combat: Ranged Weapons and Throwing.
 v - the cursed +0 ring mail "Share My Oracle" (worn) {rN+ SInv, Elem, Dev}
   (You bought it in a shop on level 3 of the Dungeon)

   rN+:       It protects you from negative energy.
   SInv:      It lets you see invisible.
   It has a curse which improves the following skills: Elements: Fire Magic, Ice
   Magic, Air Magic and Earth Magic.
   Devices:   Evocations and Shapeshifting.
Jewellery
 d - a +4 ring of protection (left hand)
 h - a ring of protection from fire
 y - the cursed ring "Ruined Together" (right hand) {rC+, Range, Comp}
   (You found it on level 5 of the Dungeon)

   [ring of protection from cold]

   rC+:       It protects you from cold.
   It has a curse which improves the following skills: Ranged Combat: Ranged
   Weapons and Throwing.
   Companions: Summonings and Necromancy.
 B - a ring of protection from cold
Wands
 b - a wand of flame (10)
 o - a wand of paralysis (4)
 q - a wand of polymorph (20)
Scrolls
 f - 3 scrolls of poison
 H - a scroll of immolation
 J - a scroll of enchant weapon
Potions
 g - a potion of lignification
 k - 2 potions of enlightenment
 t - a potion of curing
 u - 2 potions of ambrosia
 w - 2 potions of attraction
 z - a potion of mutation
 C - a potion of might


   Skills:
 + Level 7.2 Fighting
 * Level 8.9 Armour
 + Level 10.2(11.6) Dodging
 + Level 7.0(8.6) Stealth
 + Level 2.5 Shields
 + Level 6.0 Spellcasting
 + Level 6.0(7.5) Conjurations
 + Level 6.0 Hexes
 + Level 6.0(7.5) Summonings
 + Level 6.0(7.5) Necromancy
 + Level 6.0 Translocations
 + Level 6.0(9.0) Fire Magic
 + Level 6.0(9.0) Ice Magic
 + Level 6.0(9.0) Air Magic
 + Level 6.0(9.0) Earth Magic
 + Level 6.0(7.5) Alchemy


You knew the following spells:

 Your Spells              Type           Power      Damage    Failure   Level
a - Foxfire               Conj/Fire      100%       2x1d9     1%          1
b - Scorch                Fire           88%        2d8       1%          2
c - Volatile Blastmotes   Fire/Tloc      76%        2d16      6%          3
d - Inner Flame           Hex/Fire       38%        N/A       6%          3
e - Flame Wave            Conj/Fire      41%        2d11      14%         4
f - Shock                 Conj/Air       100%       1d9       1%          1
g - Lesser Beckoning      Tloc           62%        N/A       5%          2
h - Call Canine Familiar  Summ           38%        N/A       6%          3
i - Fugue of the Fallen   Necr           38%        N/A       6%          3
j - Borgnjor's Vile Clut  Necr/Erth      20%        N/A       38%         5
Your spell library was empty.

Dungeon Overview and Level Annotations

Branches:
Dungeon (10/15)            Temple (1/1) D:4            Lair (1/5) D:9
    Orc: D:9-12

Altars:
Ashenzari
Cheibriados
Dithmenos
Elyvilon
Fedhas
Gozag
Hepliaklqana
Makhleb
Nemelex Xobeh
Okawaru
Qazlal
Ru
Trog
Uskayaw
Wu Jian
Xom
Yredelemnul
Zin
The Shining One

Shops:
D:2 (   D:3 [   D:7 [


Innate Abilities, Weirdness & Mutations

You are immune to sickness and miasma.
You are immune to poison.
Your flesh is very heat resistant. (rF++)
You are vulnerable to cold. (rC-)
You float through the air rather than walking.
You learn spells naturally, not from books.
Your magical power is your life essence.
You have superior vitality. (+4 MHP)


Message History

Casting: Foxfire (safe; 1% risk of failure)
Confirm with . or Enter, or press ? or * to list all spells.
You conjure some foxfire!
The foxfire hits the ice devil.
The ice devil is burned terribly!
The ice devil is moderately wounded.
The foxfire hits the ice devil.
The ice devil is burned terribly!
The ice devil is heavily wounded.
Casting: Foxfire (safe; 1% risk of failure)
Confirm with . or Enter, or press ? or * to list all spells.
You conjure some foxfire!
The foxfire hits the ice devil but does no damage.
The ice devil is heavily wounded.
The foxfire hits the ice devil but does no damage.
The ice devil is heavily wounded.
Casting: Foxfire (safe; 1% risk of failure)
Confirm with . or Enter, or press ? or * to list all spells.
Flames lash the ice devil.
The ice devil is heavily wounded.
The ice devil's fire resistance burns away.
The foxfire hits the ice devil.
The ice devil is burned terribly!
The ice devil is heavily wounded.
The foxfire hits the ice devil but does no damage.
The ice devil is heavily wounded.
The ice devil hits you! The ice devil freezes you!
Casting: Scorch (safe; 1% risk of failure)
Confirm with . or Enter, or press ? or * to list all spells.
Flames lash the ice devil.
The ice devil is burned terribly!
The ice devil is severely wounded.
The ice devil hits you. The ice devil freezes you!
Casting: Scorch (safe; 1% risk of failure)
Confirm with . or Enter, or press ? or * to list all spells.
Flames lash the ice devil but do no damage.
The ice devil hits you but does no damage.
Casting: Scorch (safe; 1% risk of failure)
Confirm with . or Enter, or press ? or * to list all spells.
Flames lash the ice devil but do no damage.
The ice devil hits you!
* * * LOW HITPOINT WARNING * * *
The ice devil freezes you!!
You die...

,,,,,,,,*,**..,,,*#.#...#..,,,,,,
,,,,,,,,*,**...,,*#.#......,,,,,,
,,,,,,,,,,**,..,,*#.......,,,,,,,
,,,,,,,,,,***#.***#.P...#,,,..,,,
*+,**,+*,,* ##.#* #.....#,,...,,,
,,,,,,,,,,* *...* #.....###.###,*
,,,,,,,,,.###+#'###............,,
,,,,,,,,,.......4..............,,
,,,,,,,,,.......@..............,,
*,*,,***,.....................,,,
,,,,,,,*,.####.###.###........,,,
,,,,,,,*,,**...*##.###...######**
,,,,,,,*,,,....................,,
,,,,,,,+,,#...,.....##...#.....,*
,,,,,,,*,,##..,.....##.........,,
,,,,,,,*,,*#.,....,,,+...#.....,,
,,,,,,,*,,*****##**###...#.....,*


You could see an ice devil (combustible).

Vanquished Creatures
  Erolcha (D:9)
  A two-headed ogre (D:10)
  2 komodo dragons (D:9)
  A hornet (D:10)
  Sigmund (D:6)
  10 yaks
  A steam dragon (D:4)
  2 acid dragons (D:9)
  A water moccasin (D:4)
  An ice beast (D:7)
  An orc warrior (D:8)
  5 black bears
  2 sky beasts
  An ogre (D:6)
  3 centaurs
  5 wolves (Lair:1)
  A phantom (D:6)
  2 kobold brigands
  Blork the orc (D:6)
  9 bullfrogs
  8 scorpions
  7 wights (D:8)
  4 killer bees (D:8)
  2 howler monkeys
  A hound (D:6)
  3 jellies
  5 orc priests
  A bombardier beetle (D:6)
  2 sleepcaps
  An iguana (D:6)
  5 orc wizards
  A gnoll (D:3)
  13 adders
  4 white imps
  4 ufetubi (D:7)
  3 dart slugs
  2 ribbon worms
  32 orcs
  6 ball pythons
  10 endoplasms
  4 giant cockroaches
  8 goblins
  2 hobgoblins
  9 jackals
  4 quokkas
  4 bats
  5 frilled lizards
  15 kobolds
  7 rats
223 creatures vanquished.

Vanquished Creatures (others)
  556 foxfires
556 creatures vanquished.

Grand Total: 779 creatures vanquished

Notes
Turn   | Place    | Note
-------+----------+-------------------------------------------
     0 | D:1      | croobank the Djinni Fire Elementalist began the quest for
                  | the Orb.
     0 | D:1      | croobank set off with the following spells memorised:
                  | Foxfire, Scorch, Volatile Blastmotes, Inner Flame, Flame
                  | Wave.
     0 | D:1      | Reached XP level 1. HP: 15/15 MP: 0/0
   340 | D:1      | Reached XP level 2. HP: 17/21 MP: 0/0
   966 | D:2      | Reached XP level 3. HP: 24/25 MP: 0/0
   966 | D:2      | Learned a level 1 spell: Shock
  1419 | D:2      | Reached skill level 3 in Dodging
  1419 | D:2      | Reached XP level 4. HP: 29/31 MP: 0/0
  1689 | D:2      | Found Puesisus's Weapon Shoppe.
  1921 | D:3      | Noticed a scorpion
  1928 | D:3      | Killed a scorpion
  1929 | D:3      | Reached skill level 1 in Fighting
  1929 | D:3      | Reached XP level 5. HP: 30/37 MP: 0/0
  1929 | D:3      | Learned a level 2 spell: Lesser Beckoning
  2551 | D:3      | Reached XP level 6. HP: 35/43 MP: 0/0
  2648 | D:3      | Found a faded altar of an unknown god.
  2648 | D:3      | Found Tymeng's Antique Armour Boutique.
  2760 | D:3      | Identified the +1 short sword of the Original Sin {distort,
                  | rN+}
  3024 | D:3      | Found a stormy altar of Qazlal.
  3118 | D:4      | Noticed a steam dragon
  3123 | D:4      | Killed a steam dragon
  3124 | D:4      | Reached skill level 4 in Dodging
  3124 | D:4      | Reached XP level 7. HP: 41/49 MP: 0/0
  3124 | D:4      | Learned a level 3 spell: Call Canine Familiar
  3188 | D:4      | Found a staircase to the Ecumenical Temple.
  3291 | Temple   | Entered the Ecumenical Temple
  3679 | D:4      | Found a broken altar of Ashenzari.
  3722 | D:4      | Became a worshipper of Ashenzari the Shackled
  4012 | D:4      | Noticed a water moccasin
  4018 | D:4      | Killed a water moccasin
  4019 | D:4      | Reached skill level 5 in Dodging
  4307 | D:3      | Bought an encrusted ring mail for 198 gold pieces
  4307 | D:3      | Identified the +0 ring mail of Hubris {rN+ SInv} (You
                  | bought it in a shop on level 3 of the Dungeon)
  4342 | D:5      | Entered Level 5 of the Dungeon
  4381 | D:5      | Reached XP level 8. HP: 30/56 MP: 0/0
  4521 | D:5      | Reached skill level 1 in Armour
  4715 | D:5      | Found a blossoming altar of Fedhas.
  5221 | D:6      | Noticed Sigmund
  5235 | D:6      | Killed Sigmund
  5279 | D:6      | Reached XP level 9. HP: 47/63 MP: 0/0
  5279 | D:6      | Learned a level 3 spell: Fugue of the Fallen
  5370 | D:6      | Found an iron altar of Okawaru.
  5454 | D:6      | Noticed Blork the orc
  5459 | D:6      | Killed Blork the orc
  5670 | D:6      | Reached skill level 6 in Dodging
  5737 | D:6      | Reached skill level 5 in Stealth
  6166 | D:6      | Reached skill level 5 in Spellcasting
  6166 | D:6      | Reached skill level 5 in Conjurations
  6166 | D:6      | Reached skill level 5 in Hexes
  6166 | D:6      | Reached skill level 5 in Summonings
  6166 | D:6      | Reached skill level 5 in Necromancy
  6166 | D:6      | Reached skill level 5 in Translocations
  6166 | D:6      | Reached skill level 5 in Fire Magic
  6166 | D:6      | Reached skill level 5 in Ice Magic
  6166 | D:6      | Reached skill level 5 in Air Magic
  6166 | D:6      | Reached skill level 5 in Earth Magic
  6166 | D:6      | Reached skill level 5 in Alchemy
  6175 | D:6      | Reached skill level 5 in Fighting
  6175 | D:6      | Reached skill level 5 in Armour
  6515 | D:6      | Identified the blade talisman "Ubloana" {rElec MP-9 Str+3}
  6626 | D:6      | Reached * piety under Ashenzari
  6756 | D:6      | Found an ornate altar of the Wu Jian Council.
  7094 | D:7      | Found the +18 Lear's hauberk
  7246 | D:7      | Found Cheibriados's Comfort Zone.
  7246 | D:7      | Found a snail-covered altar of Cheibriados.
  7259 | D:7      | Identified the +9 short sword of Gozag {spect, rPois Str-2
                  | Int+5 SInv}
  7499 | D:7      | Reached skill level 7 in Dodging
  7514 | D:7      | Reached ** piety under Ashenzari
  7676 | D:8      | Found a snail-covered altar of Cheibriados.
  7729 | D:8      | Reached XP level 10. HP: 45/70 MP: 0/0
  8198 | D:8      | Reached skill level 8 in Dodging
  8745 | D:8      | Reached *** piety under Ashenzari
  8990 | D:9      | Noticed a komodo dragon
  9070 | D:9      | Noticed a komodo dragon
  9087 | D:9      | Killed a komodo dragon
  9202 | D:9      | Found a burning altar of Makhleb.
  9202 | D:9      | Noticed a cacodemon
  9205 | D:9      | Noticed an orange demon
  9229 | D:9      | Killed a komodo dragon
  9230 | D:9      | Reached skill level 9 in Dodging
  9627 | D:9      | Found a bloodstained altar of Trog.
  9667 | D:9      | Reached XP level 11. HP: 66/78 MP: 0/0
  9667 | D:9      | Learned a level 5 spell: Borgnjor's Vile Clutch
  9855 | D:9      | Found a staircase to the Lair.
  9954 | D:9      | Noticed Erolcha
  9982 | D:9      | Reached skill level 1 in Shields
  9995 | D:9      | Killed Erolcha
 10374 | D:9      | Found a sparkling altar of Nemelex Xobeh.
 10458 | D:9      | Upgraded the game from 0.32-a0-913-g739538afd8 to
                  | 0.32-a0-918-g0f22ef8d61
 10465 | D:10     | Entered Level 10 of the Dungeon
 10465 | D:10     | Noticed a two-headed ogre
 10473 | D:10     | Killed a two-headed ogre
 10484 | D:10     | Found a sacrificial altar of Ru.
 10489 | D:10     | Reached skill level 10 in Dodging
 10609 | D:10     | Found a shadowy altar of Dithmenos.
 10658 | D:10     | HP: 3/79 [gargoyle/stone arrow (12)]
 11208 | Lair:1   | Entered Level 1 of the Lair of Beasts
 11426 | Lair:1   | Slain by an ice devil

Illustrated notes

Levels and vault maps discovered:
D:1:      nzn_arrival_crosshair, layout_loops_ring
D:2:      layout_loops_cross, serial_shops, nicolae_shop_rolling_square
D:3:      layout_basic, mainiacjoe_overflow_alcove_4,
          dreamdust_ecumenical_altar_hidden_monk_grotto, serial_shops, shop,
          hangedman_decor_peaks_small, st_stairs_7
D:4:      cheibrodos_barr_body, layout_layer_cave,
          mainiacjoe_overflow_six_doors_small, amcnicky_altar_gilded,
          minmay_temple_entry_junction
D:5:      layout_loops_ring, kennysheep_mini
D:6:      cheibrodos_helix_gallery, layout_basic, okawaru_metal_pillars_1_2,
          lemuel_doored_altar, minmay_manual_mail, uniq_sigmund,
          uniq_blork_the_orc
D:7:      layout_basic, minmay_shop_chei
D:8:      layout_loops_ring, cheibriados_altar_1
D:9:      layout_irregular_city, makhleb_altar_promises_db,
          nemelex_diamond_rough_becter, trog_ov_bears_minmay,
          grunt_lair_entry_orc_guard_hut, uniq_erolcha
D:10:     layout_loops_ring, nicolae_ru_great_annihilating_truth,
          grunt_dithmenos_smoke, enter_trove_1
Temple:   nicolae_temple_ecumenical_triangle
Lair:1:   layout_regular_city, portal_ice_cave_demonic_guard,
          pdpol_lair_cabin_in_the_woods, uniq_maggie

Skill      XL: |  1  2  3  4  5  6  7  8  9 10 11 |
---------------+----------------------------------+-----
Stealth        | 2 3 4 5 6 7 |  7.0
Dodging        | 3 4 5 7 9 10 | 10.2
Fighting       | 1 2 3 4 5 6 7 |  7.2
Spellcasting   | 4 5 6 |  6.0
Conjurations   | 4 5 6 |  6.0
Hexes          | 4 5 6 |  6.0
Summonings     | 4 5 6 |  6.0
Necromancy     | 4 5 6 |  6.0
Translocations | 4 5 6 |  6.0
Fire Magic     | 4 5 6 |  6.0
Ice Magic      | 4 5 6 |  6.0
Air Magic      | 4 5 6 |  6.0
Earth Magic    | 4 5 6 |  6.0
Alchemy        | 4 5 6 |  6.0
Armour         | 3 5 7 8 |  8.9
Shields        | 2 |  2.5

Action                     |  1- 3 |  4- 6 |  7- 9 | 10-12 || total
---------------------------+-------+-------+-------+-------++-------
  Melee: Dagger            |     7 |    27 |    37 |     9 ||    80
         Unarmed           |     1 |       |       |       ||     1
         Flail             |       |       |       |    65 ||    65
  Throw: Dart              |       |       |       |     6 ||     6
   Cast: Foxfire           |    48 |    98 |   108 |    70 ||   324
         Scorch            |       |     1 |    99 |    91 ||   191
         Inner Flame       |       |     1 |       |     1 ||     2
         Volatile Blastmot |       |       |       |    12 ||    12
         Borgnjor's Vile C |       |       |       |     2 ||     2
         Call Canine Famil |       |       |       |     1 ||     1
 Invoke: Curse Item        |       |       |     3 |     2 ||     5
  Evoke: Wand              |       |       |     1 |     6 ||     7
    Use: Scroll            |       |     3 |     9 |     2 ||    14
         Potion            |       |       |       |     8 ||     8
   Stab: Sleeping          |       |       |     4 |     1 ||     5
         Distracted        |       |       |     1 |       ||     1
         Paralysed         |       |       |       |     7 ||     7
         Invisible         |       |       |       |     2 ||     2
 Armour: Robe              |    12 |    14 |    20 |       ||    46
         Ring mail         |       |       |   106 |   128 ||   234
  Dodge: Dodged            |    10 |    23 |    87 |   109 ||   229
  Block: Buckler           |       |       |       |    17 ||    17

Table legend: (Time is in decaauts)
 A = Elapsed time spent in this place.
 B = Non-inter-level travel time spent in this place.
 C = Inter-level travel time spent in this place.
 D = Time resting spent in this place.
 E = Time spent auto-exploring this place.
 F = Levels seen in this place.
 G = Mean time per level.
                   A        B        C        D        E       F      G
               +--------+--------+--------+--------+--------+-----+--------+
         Total |  11461 |  11014 |    447 |   2805 |   6213 |  12 |  955.1 |
       Dungeon |  11208 |  10764 |    444 |   2724 |   6176 |  10 | 1120.8 |
        Temple |     35 |     32 |      3 |      0 |      0 |   1 |   35.0 |
          Lair |    217 |    217 |      0 |     81 |     37 |   1 |  217.0 |
               +--------+--------+--------+--------+--------+-----+--------+

Top non-repeatable levels by time:
     D:9: 1954 daAuts
     D:6: 1804 daAuts
     D:3: 1300 daAuts
     D:8: 1198 daAuts
     D:4: 1182 daAuts
     D:1: 915 daAuts
     D:2: 907 daAuts
     D:7: 886 daAuts
     D:5: 825 daAuts
    D:10: 232 daAuts
  Lair:1: 217 daAuts
  Temple: 35 daAuts
